 Dungeon Crawl Stone Soup version 0.19.5 (webtiles) character file.

183 straycat the Gusty (level 5, -4/38 HPs)
             Began as a Human Wanderer on May 13, 2017.
             Slain by an orc
             ... wielding a +0 war axe
              (6 damage)
             ... on level 3 of the Dungeon.
             The game lasted 00:46:54 (5444 turns).

straycat the Gusty (Human Wanderer)                 Turns: 5444, Time: 00:46:54

Health: -4/38      AC:  6    Str: 11    XL:     5   Next: 94%
Magic:  6/6        EV: 11    Int: 10    God:
Gold:   125        SH:  0    Dex: 17    Spells: 0 memorised, 6 levels left

rFire  . . .     SeeInvis .     n - +1 short sword (flame)
rCold  . . .     Gourm    .     k - +0 ring mail
rNeg   . . .     Faith    .     (no shield)
rPois  .         Spirit   .     M - +0 helmet
rElec  .         Reflect  .     (no cloak)
rCorr  .         Harm     .     (no gloves)
MR     .....                    (no boots)
Stlth  ++........               (no amulet)
                                (no ring)
                                (no ring)

@: slowed, very slow
A: no striking features
a: no special abilities


You were on level 3 of the Dungeon.
You were hungry.

You visited 1 branch of the dungeon, and saw 3 of its levels.

You collected 125 gold pieces.

Inventory:

Hand Weapons
 d - a +0 dagger
 g - a +0 spear
 l - a +0 club
 n - a +1 short sword of flaming (weapon)
 p - a +0 dagger
 q - a +0 dagger
 r - a +0 club
 s - a +0 dagger
 t - a +3 whip of electrocution
 w - a +0 hunting sling
 A - a +0 club
 B - a +0 dagger
 C - a +0 dagger
 E - a +0 dagger
 F - a +0 dagger
 G - a +0 club
 J - a +0 dagger
 K - a +0 antimagic short sword
 N - a +0 club
 P - a +0 mace
 R - a cursed +0 club
 U - a +0 club
 X - a +0 blowgun
 Y - a +0 short sword
Missiles
 i - 69 stones (quivered)
 S - 20 poisoned needles
Armour
 c - a +0 robe
 k - a +0 ring mail (worn)
 v - a +0 scale mail
 L - a +0 animal skin
 M - a +0 helmet (worn)
 Q - a +2 pair of boots
 W - a +0 leather armour
Jewellery
 o - a cursed ring of loudness {unknown}
 y - a +4 amulet of reflection {unknown}
Wands
 H - a wand of flame (15/48)
Scrolls
 e - 3 scrolls of identify {unknown}
 f - a scroll of enchant weapon {unknown}
 j - a scroll of teleportation {unknown}
 m - a scroll of amnesia {unknown}
 I - 2 scrolls of random uselessness {unknown}
 T - a scroll of enchant armour {unknown}
Potions
 a - 3 potions of berserk rage
 b - a potion of curing
 h - a potion of magic {unknown}
 u - a potion of might {unknown}
 x - a potion of ambrosia {unknown}
 z - a potion of degeneration {unknown}
 V - a potion of heal wounds {unknown}
Comestibles
 D - a bread ration


   Skills:
 * Level 2.2 Fighting
 + Level 1.7 Throwing
 - Level 0.2 Armour
 * Level 2.4 Dodging
 * Level 3.0 Stealth
   Level 1.0 Shields
 * Level 2.4 Unarmed Combat
 - Level 1.0 Spellcasting
   Level 1.0 Necromancy
   Level 3.0 Air Magic


You had 6 spell levels left.
You didn't know any spells.

Dungeon Overview and Level Annotations

Branches:
Dungeon (3/15)

Altars:


Message History

The orc hits you with a war axe. The orc hits you but does no damage.
The orc wizard hits you with a dagger.
The orc wizard hits you but does no damage.
The orc closely misses you.
You barely miss the orc wizard.
The orc wizard is heavily wounded.
The orc wizard barely misses you. The orc misses you.
The orc wizard gestures wildly while chanting.
The orc wizard blinks!
The orc closely misses you. The orc hits you but does no damage.
The orc wizard mumbles some strange words.
The orc wizard blinks!
The orc barely misses you.
You hit the orc but do no damage. The orc hits you with a war axe.
* * * LOW HITPOINT WARNING * * *
You hit the orc but do no damage. The orc barely misses you.
You barely miss the orc. The orc hits you with a war axe!
* * * LOW HITPOINT WARNING * * *
The orc hits you with a war axe.
You die...

#... #......# +...
###......## #... .##........#
#. #.(## ####.#.....<...#
#.##..#. .....###.......#
#.##.o#. #?..........#..#
#.##..#.######.###########..#
#.##..#.......o##.....#.....#
#.##<.#.).....oo@.....##.#.##
#.###.##.########.####...#.#
.....(...#........# #.#.#.#
#..♣♣♣...#÷###########.###.#
..♣# #♣....................#
..♣ ♣.##.###########.#####
..♣# #♣.#......# #.#
...♣♣♣..#......#######.#
........#......'.......#


You could see an orc wizard and 2 orcs.

Vanquished Creatures
  An orc priest (D:3)
  Robin (D:2)
  6 adders
  3 oozes
  3 dart slugs (D:2)
  2 worms
  2 orcs (D:3)
  2 giant cockroaches (D:2)
  9 hobgoblins
  2 quokkas
  9 bats
  3 frilled lizards
  13 goblins
  5 kobolds
  8 rats
69 creatures vanquished.

Notes
Turn   | Place    | Note
-------+----------+-------------------------------------------
     0 | D:1      | straycat the Human Wanderer began the quest for the Orb.
     0 | D:1      | straycat set off with: 2 potions of berserk rage, 2 potions of curing, a +0 robe, a +0 dagger, a bread ration
     0 | D:1      | Reached XP level 1. HP: 15/15 MP: 2/2
   885 | D:1      | Reached XP level 2. HP: 10/21 MP: 3/3
  1121 | D:1      | Reached skill level 1 in Throwing
  2066 | D:1      | Reached XP level 3. HP: 6/26 MP: 4/4
  2724 | D:2      | Noticed Robin
  2753 | D:2      | HP: 1/26 [goblin/stone[Robin] (5)]
  3153 | D:2      | Reached skill level 1 in Dodging
  3153 | D:2      | Reached XP level 4. HP: 28/33 MP: 5/5
  3698 | D:2      | HP: 1/33 [adder (5)]
  4190 | D:2      | Reached XP level 5. HP: 32/38 MP: 6/6
  4439 | D:2      | Killed Robin
  5444 | D:3      | Slain by an orc

Skill      XL: |  1  2  3  4  5 |
---------------+----------------+-----
Throwing       | 1 |  1.7
Unarmed Combat | 2 |  2.4
Dodging        | 1 2 |  2.4
Fighting       | 2 |  2.2
Stealth        | 3 |  3.0
Armour         | |  0.2
Shields        | |  1.0
Spellcasting   | |  1.0
Necromancy     | |  1.0
Air Magic      | |  3.0

Action                   |  1- 3 |  4- 6 || total
-------------------------+-------+-------++-------
Melee: Unarmed           |    91 |   124 ||   215
       Punch             |     1 |     1 ||     2
       Short sword       |    23 |    85 ||   108
Throw: Stone             |   141 |    93 ||   234
  Use: Potion            |     3 |     2 ||     5
  Eat: Chunk             |     3 |     5 ||     8
       Bread ration      |     1 |       ||     1
       Pizza             |       |     1 ||     1
Armor: Robe              |    36 |    25 ||    61
       Ring mail         |       |    71 ||    71
Dodge: Dodged            |   139 |   184 ||   323
